 Seeded DCSS version 0.29-a0-11-ga75d3d97ab (webtiles) character file.

Game seed: 3698939498586987721 (custom seed)

31 croobank the Firebug (level 3, -6/24 (26) HPs)
             Began as a Draconian Fire Elementalist on Jan 29, 2022.
             Mangled by a gnoll (12 damage)
             ... on level 2 of the Dungeon.
             The game lasted 00:03:00 (1474 turns).

croobank the Firebug (Draconian Fire Elementalist)  Turns: 1474, Time: 00:03:04

HP:   -6/24 (26)    AC:  5    Str: 10    XL:     3   Next: 7%
MP:   0/6           EV: 12    Int: 17    God:
Gold: 29            SH:  0    Dex: 11    Spells: 3/6 levels left

rFire   . . .      SeeInvis .   a - +0 dagger
rCold   . . .      Faith    .   (no shield)
rNeg    . . .      Spirit   .   (armour unavailable)
rPois   .          Reflect  .   (helmet restricted)
rElec   .          Harm     .   (no cloak)
rCorr   .          Rampage  .   (no gloves)
Will    .....                   (no boots)
Stlth   ++........              (no amulet)
HPRegen 0.08/turn               (no ring)
MPRegen 0.10/turn               (no ring)

@: drained
A: AC +5, unfitting armour, cold-blooded
a: no special abilities


You were on level 2 of the Dungeon.
You visited 1 branch of the dungeon, and saw 2 of its levels.

You collected 29 gold pieces.

Inventory:

Hand Weapons
 a - a +0 dagger (weapon)
 b - a +0 hunting sling
Missiles
 e - 20 stones
Scrolls
 c - a scroll of acquirement {unknown}
 d - a scroll of magic mapping {unknown}
Potions
 f - a potion of brilliance {unknown}


   Skills:
 + Level 2.1 Dodging
 + Level 2.1 Stealth
 + Level 2.3 Spellcasting
 + Level 1.5 Conjurations
 + Level 3.2 Fire Magic


You had 3 spell levels left.
You knew the following spells:

 Your Spells              Type           Power      Damage    Failure   Level
a - Foxfire               Conj/Fire      40%        2x1d6     7%          1
b - Scorch                Fire           26%        2d6       8%          2

Your spell library contained the following spells:

 Spells                   Type           Power      Damage    Failure   Level
 Conjure Flame            Conj/Fire      10%        6-21      22%         3
 Inner Flame              Hex/Fire       7%         N/A       28%         3
 Flame Wave               Conj/Fire      10%        2d5       56%         4


Dungeon Overview and Level Annotations

Branches:
Dungeon (2/15)

Altars:


Innate Abilities, Weirdness & Mutations

Your plain brown scales are hard. (AC +5)
You cannot fit into any form of body armour.
You are cold-blooded and may be slowed by cold attacks.


Message History

The foxfire hits the gnoll but does no damage.
You struggle against the net.
You struggle against the net.
A gnoll comes into view. It is wielding a +0 whip of draining.
You struggle against the net.
A gnoll comes into view. It is wielding a +0 spear.
You rip the net and break free!
The gnoll shouts!
You hear a bark!
There is a stone staircase leading up here.
Casting: Foxfire (safe; 7% risk of failure)
Confirm with . or Enter, or press ? or * to list all spells.
Flames lash the gnoll.
The gnoll is moderately wounded.
The gnoll's fire resistance burns away.
You hear an angry hiss.
You hear a bark!
The gnoll throws a throwing net.
The throwing net hits you.
You become entangled in the net!
Casting: Scorch (safe; 8% risk of failure)
Confirm with . or Enter, or press ? or * to list all spells.
Flames lash the gnoll.
The gnoll is burned terribly!
The gnoll is severely wounded.
A ball python comes into view.
You struggle against the net.
You tear a large gash into the net.
The gnoll hits you with a +0 flail!
Casting: Scorch (safe; 8% risk of failure)
Confirm with . or Enter, or press ? or * to list all spells.
Flames lash the gnoll.
The gnoll is moderately wounded.
The gnoll's fire resistance burns away.
The gnoll hits you with a +0 whip of draining.
You feel drained. The gnoll hits you but does no damage.
You struggle against the net.
The gnoll barely misses you.
The gnoll hits you but does no damage. x2
You rip the net and break free!
The gnoll hits you with a +0 whip of draining.
You feel drained.
* * * LOW HITPOINT WARNING * * *
The gnoll closely misses you. The gnoll hits you with a +0 flail!
Ouch! That really hurt!
You die...

# #..# # ... #..#
.# .....###..##.#
#...........#
##..####รท.###
... #..# .
#.#####..#
.........#
#.######@#####.#.
#ggg......
#S#####.## #.#
#.# #.# #.. #.#
..#


You could see 3 gnolls and a ball python.

Vanquished Creatures
  An adder (D:2)
  3 ball pythons (D:1)
  2 bats
  3 endoplasms
  3 hobgoblins (D:1)
  4 jackals (D:1)
  2 kobolds (D:1)
  A rat (D:1)
19 creatures vanquished.

Vanquished Creatures (others)
  29 foxfires
29 creatures vanquished.

Grand Total: 48 creatures vanquished

Notes
Turn   | Place    | Note
-------+----------+-------------------------------------------
     0 | D:1      | croobank the Draconian Fire Elementalist began the quest
                  | for the Orb.
     0 | D:1      | Reached XP level 1. HP: 14/14 MP: 3/3
   616 | D:1      | Reached XP level 2. HP: 20/20 MP: 1/5
   763 | D:1      | Learned a level 2 spell: Scorch
  1141 | D:2      | Reached XP level 3. HP: 16/26 MP: 0/6
  1474 | D:2      | Mangled by a gnoll

Illustrated notes

Levels and vault maps discovered:
D:1:      roderic_octagonal_star, layout_loops_corners, serial_rivers,
          chequers_serial_rivers_room_b, chequers_serial_rivers_micro_e,
          chequers_serial_rivers_micro_c, chequers_serial_rivers_micro_a,
          chequers_serial_rivers_micro_e
D:2:      layout_loops_ring, serial_shops, shop_fountains

Skill      XL: |  1  2 |
---------------+-------+-----
Stealth        | 2 |  2.1
Dodging        | 2 |  2.1
Spellcasting   | |  2.3
Conjurations   | |  1.5
Fire Magic     | |  3.2

Action                   || total
-------------------------++-------
Melee: Dagger            ||    26
       Tailslap          ||     3
       Punch             ||     1
 Cast: Foxfire           ||    19
       Scorch            ||     5
Armor: Skin              ||    11
Dodge: Dodged            ||    23

Table legend: (Time is in decaauts)
 A = Elapsed time spent in this place.
 B = Non-inter-level travel time spent in this place.
 C = Inter-level travel time spent in this place.
 D = Time resting spent in this place.
 E = Time spent auto-exploring this place.
 F = Levels seen in this place.
 G = Mean time per level.
                   A        B        C        D        E       F      G
               +--------+--------+--------+--------+--------+-----+--------+
         Total |   1476 |   1433 |     43 |    157 |   1088 |   2 |  738.0 |
       Dungeon |   1476 |   1433 |     43 |    157 |   1088 |   2 |  738.0 |
               +--------+--------+--------+--------+--------+-----+--------+

Top non-repeatable levels by time:
     D:1: 1276 daAuts
     D:2: 200 daAuts
